[Event "Titled Tuesday Blitz May 9 Late 2023"]
[White "Guz, Ari"]
[Black "Van Baar, Esper"]
[WhiteFideId "2825759"]
[BlackFideId "1049321"]
[WhiteElo "2205"]
[BlackElo "2174"]
[Result "1-0"]
[Round "03"]
[TimeControl "180+2"]
[Date "2023.05.09"]
[WhiteClock "0:01:01"]
[BlackClock "0:00:00"]

1. a4 a6 2. a5 Nf6 3. Ra3 e6 4. Rg3 d5 5. d3 c5 6. Bd2 g6 7. h4 h5 8. Nf3 Bd6 9. Rg5 Nh7 10. Bc3 d4 11. Bd2 Nxg5 12. Nxg5 Nc6 13. Na3 Be7 14. Nc4 e5 15. g3 Bxg5 16. Bxg5 f6 17. Bd2 Be6 18. Nb6 Rb8 19. Bg2 O-O 20. O-O Ne7 21. c4 dxc3 22. Bxc3 Nd5 23. Qb3 Nf4 24. Qa3 Nxg2 25. Kxg2 Qe7 26. Bd2 Qd6 27. Be3 Bd5+ 28. f3 Qe6 29. Bxc5 Rf7 30. e4 Bc6 31. Rd1 Rd8 32. Qc3 Bd7 33. Bf2 Bb5 34. d4 exd4 35. Rxd4 Rxd4 36. Bxd4 Qc6 37. Nd5 Qxc3 38. Bxc3 f5 39. e5 Bc6 40. Nf4 Kh7 41. e6 Rf8 42. Nh3 Re8 43. Kf2 Bd5 44. Ng5+ Kg8 45. Ke3 Bxe6 46. Kd4 Bd7 47. Kc5 Bc6 48. Kd4 Re2 49. Kd3 Rg2 50. Be5 Kf8 51. Ke3 Ke8 52. Kf4 Rg1 53. Bc3 Rd1 54. Nh7 Kf7 55. Ng5+ Ke8 56. Nh7 Rf1 57. Ng5 Kd7 58. Ke5 Rg1 59. Kf4 Bd5 60. Nh7 Bc6 61. Ng5 Kd6 62. Be5+ Kc5 63. Bc7 Rb1 64. Be5 Rc1 65. Ne6+ Kb5 66. Bc3 Ra1 67. Nf8 Ra4+ 68. Kg5 Be8 69. Ne6 Kc6 70. f4 Ra1 71. Bd4 Rf1 72. Ng7 Bd7 73. Kxg6 Rf3 74. Nxh5 Kb5 75. Bc3 Rf2 76. Nf6 Rh2 77. Nxd7 1-0


[Site "https://www.chess.com"]

[Event "Titled Tuesday Blitz May 9 Late 2023"]
[White "Seletsky, Grigory"]
[Black "FuenfgegenWilly"]
[WhiteFideId "14112191"]
[WhiteElo "2491"]
[BlackElo "2319"]
[Result "1-0"]
[Round "03"]
[TimeControl "180+2"]
[Date "2023.05.09"]
[WhiteClock "0:01:06"]
[BlackClock "0:01:16"]

1. e4 e5 2. Nf3 Nc6 3. Bc4 Nf6 4. d3 d5 5. exd5 Nxd5 6. O-O Bc5 7. Re1 O-O 8. h3 Nb6 9. Bb3 Bd6 10. Nc3 h6 11. a3 Kh8 12. Ne4 f5 13. Nxd6 cxd6 14. Bd2 Qf6 15. Bc3 Bd7 16. d4 e4 17. d5 Ne5 18. Nxe5 dxe5 19. f3 Rae8 20. fxe4 fxe4 21. Rxe4 Qg6 22. Re3 e4 23. Qe2 Rf4 24. Rf1 Ref8 25. Rxf4 Rxf4 26. Be5 Rh4 27. Rg3 Qf5 28. Bxg7+ Kh7 29. Qd2 Rf4 30. Bc3 Nc8 31. Rg7+ 1-0


[Site "https://www.chess.com"]

[Event "Titled Tuesday Blitz May 9 Late 2023"]
[White "Kaplan, Avi Harrison"]
[Black "Horokoskii"]
[WhiteFideId "30934559"]
[WhiteElo "1983"]
[BlackElo "2093"]
[Result "0-1"]
[Round "03"]
[TimeControl "180+2"]
[Date "2023.05.09"]
[WhiteClock "0:00:03"]
[BlackClock "0:00:18"]

1. g3 Nf6 2. Bg2 g6 3. e4 Bg7 4. d4 d6 5. Nd2 Nbd7 6. h4 h5 7. c3 c6 8. Ngf3 Qc7 9. Qc2 b5 10. a4 a5 11. axb5 cxb5 12. e5 dxe5 13. Nxe5 Bb7 14. Bxb7 Qxb7 15. O-O Nxe5 16. dxe5 Ng4 17. e6 O-O 18. exf7+ Kxf7 19. Ne4 Kg8 20. Ng5 Rf6 21. Qb3+ Kh8 22. Be3 Qc6 23. Bd4 e5 24. Be3 Raf8 25. Rae1 a4 26. Qc2 Bh6 27. Ne4 Nxe3 28. Rxe3 Bxe3 29. Nxf6 Qxf6 30. Qe2 Bh6 31. Qe4 Qf5 32. Qc6 e4 33. Kg2 Qf3+ 34. Kg1 e3 35. Qxg6 exf2+ 36. Kh2 Bg7 37. c4 Qe2 38. Kg2 Qf3+ 39. Kh2 bxc4 40. Qg5 Qg4 41. Qc5 Qf5 42. Kg2 Qxc5 43. b4 cxb3 44. g4 Qd5+ 45. Kh2 Qe5+ 46. Kg2 Qe4+ 47. Kh2 Be5+ 48. Kh3 Qf3# 0-1


[Site "https://www.chess.com"]

[Event "Titled Tuesday Blitz May 9 Late 2023"]
[White "Hartikainen, Jarmo"]
[Black "Urbina Perez, Juan Antonio"]
[WhiteFideId "503134"]
[BlackFideId "2217368"]
[WhiteElo "2081"]
[BlackElo "2197"]
[Result "0-1"]
[Round "03"]
[TimeControl "180+2"]
[Date "2023.05.09"]
[WhiteClock "0:00:29"]
[BlackClock "0:02:19"]

1. e4 e5 2. Nf3 Nc6 3. Bc4 d6 4. d4 exd4 5. Nxd4 Nf6 6. Nc3 Be7 7. f3 O-O 8. Be3 a6 9. Qd2 Nxd4 10. Bxd4 b5 11. Be2 c5 12. Be3 b4 13. Nd5 Nxd5 14. exd5 Bf6 15. Rb1 Re8 16. c3 Ra7 17. cxb4 Rae7 0-1


[Site "https://www.chess.com"]

[Event "Titled Tuesday Blitz May 9 Late 2023"]
[White "Marcziter, Dmitrii"]
[Black "Howell, David W L"]
[WhiteFideId "13900765"]
[BlackFideId "410608"]
[WhiteElo "2162"]
[BlackElo "2567"]
[Result "0-1"]
[Round "03"]
[TimeControl "180+2"]
[Date "2023.05.09"]
[WhiteClock "0:00:28"]
[BlackClock "0:00:10"]

1. d4 Nf6 2. c4 g6 3. Nf3 Bg7 4. g3 O-O 5. Bg2 d6 6. Nc3 Nbd7 7. O-O e5 8. Qc2 Qe7 9. Rd1 c6 10. b3 Re8 11. Ba3 e4 12. Ng5 e3 13. f3 Nf8 14. Nge4 Nxe4 15. Nxe4 Bf5 16. Qc3 Bxe4 17. fxe4 c5 18. Qxe3 Bxd4 19. Rxd4 cxd4 20. Qxd4 Qe5 21. Qd1 Rad8 22. Rb1 f6 23. Bb2 Qc5+ 24. Bd4 Qg5 25. Qf1 Nd7 26. Bxa7 b6 27. Qf2 Qc5 28. e5 Qxe5 29. Bd5+ Kg7 30. e4 f5 31. Rf1 Re7 32. Bxb6 Nxb6 33. Qxb6 Rf8 34. Qf2 Ree8 35. Qa7+ Re7 36. Qf2 Ree8 37. Qa7+ Kh8 38. Re1 f4 39. Qf2 fxg3 40. Qxg3 Rf4 41. Rf1 Ref8 42. Rxf4 Rxf4 43. Qh3 Qa1+ 44. Kg2 Qf1+ 45. Kg3 Qf2# 0-1


[Site "https://www.chess.com"]

[Event "Titled Tuesday Blitz May 9 Late 2023"]
[White "Joubert, Dantelle"]
[Black "Sowa, Ryan"]
[WhiteFideId "14310813"]
[BlackFideId "30901693"]
[WhiteElo "1507"]
[BlackElo "2650"]
[Result "0-1"]
[Round "03"]
[TimeControl "180+2"]
[Date "2023.05.09"]
[WhiteClock "0:00:00"]
[BlackClock "0:01:20"]

1. d4 b6 2. e4 Bb7 3. Bd3 Nf6 4. Nc3 e6 5. a3 d5 6. e5 Ne4 7. Qe2 Nxc3 8. bxc3 c5 9. Bb5+ Bc6 10. a4 a6 11. Bxc6+ Nxc6 12. Nf3 Be7 13. O-O O-O 14. Be3 Qc7 15. Rfb1 cxd4 16. cxd4 Na5 17. Bg5 Bxg5 18. Nxg5 h6 19. Nf3 Rfc8 20. Ne1 Qc3 21. Ra2 Qxd4 22. Nd3 Nc4 23. Rb4 b5 24. axb5 axb5 25. Rxa8 Rxa8 26. h3 Ra5 27. Kh2 Qc3 28. Rb3 Qd4 29. Nb4 Qxe5+ 30. Qxe5 Nxe5 31. f4 Nc4 32. Nc6 Ra2 33. Nd4 Na3 0-1


[Site "https://www.chess.com"]

[Event "Titled Tuesday Blitz May 9 Late 2023"]
[White "Kostiukov, Alexandr"]
[Black "TimGrutter03"]
[WhiteFideId "14108100"]
[WhiteElo "2202"]
[BlackElo "2605"]
[Result "0-1"]
[Round "03"]
[TimeControl "180+2"]
[Date "2023.05.09"]
[WhiteClock "0:00:06"]
[BlackClock "0:01:25"]

1. g3 e5 2. c4 Nc6 3. Bg2 g6 4. Nc3 Bg7 5. e4 Nge7 6. Nge2 O-O 7. O-O d6 8. d3 f5 9. Nd5 Be6 10. Be3 Qd7 11. Qd2 Nd8 12. f4 c6 13. Nxe7+ Qxe7 14. Rae1 Nf7 15. b3 Qd7 16. d4 fxe4 17. dxe5 dxe5 18. Qxd7 Bxd7 19. Bxe4 Rfe8 20. f5 Nd6 21. Nc3 gxf5 22. Rd1 Bf8 23. Bc5 Nxe4 24. Nxe4 fxe4 25. Rxf8+ Rxf8 26. Bxf8 Bg4 0-1


[Site "https://www.chess.com"]

[Event "Titled Tuesday Blitz May 9 Late 2023"]
[White "Ardila, Oscar Humberto"]
[Black "Haydon, David L"]
[WhiteFideId "4404742"]
[BlackFideId "415405"]
[WhiteElo "1918"]
[BlackElo "2326"]
[Result "0-1"]
[Round "03"]
[TimeControl "180+2"]
[Date "2023.05.09"]
[WhiteClock "0:00:17"]
[BlackClock "0:00:29"]

1. d4 Nf6 2. c4 e6 3. Nc3 b6 4. Nf3 Bb7 5. e3 Bb4 6. Bd2 Bxc3 7. Bxc3 d6 8. Be2 Nbd7 9. O-O O-O 10. Rc1 Re8 11. Nd2 e5 12. Bf3 e4 13. Be2 Nf8 14. b4 Ng6 15. Nb3 Qe7 16. d5 Ne5 17. Nd4 a6 18. Nf5 Qd7 19. Nd4 b5 20. cxb5 Nxd5 21. bxa6 Bxa6 22. b5 Bb7 23. Qb3 Qe7 24. a4 Qg5 25. Kh1 h5 26. Bb2 Qh4 27. Nf5 Qg5 28. Ng3 Nf6 29. Rxc7 Bd5 30. Qd1 h4 31. Nh5 Nxh5 32. Bxh5 Be6 33. Bxe5 dxe5 34. Be2 h3 35. g3 Red8 36. Qc2 Rac8 37. Rxc8 Rxc8 38. Qb2 Bg4 39. b6 Qf5 40. a5 Bxe2 41. Qxe2 Rc2 42. Qd1 Rd2 43. f4 Rxd1 44. Rxd1 Qg4 45. Rd2 Qf3+ 46. Kg1 Qxe3+ 47. Rf2 Qe1+ 48. Rf1 Qxa5 49. Rb1 Qa2 50. Kf1 Qxb1+ 0-1


[Site "https://www.chess.com"]

[Event "Titled Tuesday Blitz May 9 Late 2023"]
[White "Spitzl, Vinzent"]
[Black "Kopacz, Grzegorz"]
[WhiteFideId "12901253"]
[BlackFideId "1109880"]
[WhiteElo "2225"]
[BlackElo "2037"]
[Result "1-0"]
[Round "03"]
[TimeControl "180+2"]
[Date "2023.05.09"]
[WhiteClock "0:01:37"]
[BlackClock "0:00:00"]

1. e4 c5 2. Nf3 Nc6 3. d4 cxd4 4. Nxd4 e5 5. Nb5 d6 6. c4 a6 7. N5c3 Be7 8. Na3 Be6 9. Be2 Nf6 10. Be3 O-O 11. O-O Rc8 12. Rc1 Nd7 13. Nc2 Qa5 14. Qd2 Kh8 15. a3 Rfd8 16. b4 Qc7 17. Nd5 Qb8 18. Rfd1 Bxd5 19. cxd5 Na7 20. Na1 b5 21. Nb3 Nb6 22. Na5 Na4 23. Bg4 Rxc1 24. Rxc1 g6 25. f3 h5 26. Bh3 Nc8 27. Nc6 Qb7 28. Nxd8 Bxd8 29. Rxc8 Qe7 30. Bg5 f6 31. Be3 g5 32. Bf5 Kg7 33. h4 Qb7 34. hxg5 fxg5 35. Rxd8 Qc7 36. Rd7+ Qxd7 37. Bxd7 Nc3 38. Qxc3 1-0


[Site "https://www.chess.com"]

[Event "Titled Tuesday Blitz May 9 Late 2023"]
[White "Lorenzo De La Riva, Lazaro"]
[Black "Ng, Gary"]
[WhiteFideId "2268809"]
[BlackFideId "2604914"]
[WhiteElo "2294"]
[BlackElo "2307"]
[Result "0-1"]
[Round "03"]
[TimeControl "180+2"]
[Date "2023.05.09"]
[WhiteClock "0:00:08"]
[BlackClock "0:00:06"]

1. f4 Nf6 2. Nf3 g6 3. h4 Bg7 4. h5 Nxh5 5. Rxh5 gxh5 6. e4 d6 7. d4 Bg4 8. c3 c6 9. Bc4 Nd7 10. e5 d5 11. Bd3 e6 12. Nbd2 Qb6 13. Nb3 O-O-O 14. a4 a5 15. Be3 f6 16. Nbd2 fxe5 17. fxe5 Nxe5 18. Be2 Nxf3+ 19. gxf3 Bf5 20. b4 axb4 21. a5 Qc7 22. a6 bxc3 23. axb7+ Kd7 24. Nb3 c2 25. Nc5+ Ke7 26. Qd2 Qh2 27. Bg5+ Bf6 28. Bxf6+ Kxf6 29. Qh6+ Bg6 30. Kd2 e5 31. Ra6 Rd6 32. Ra8 Rdd8 33. Nd7+ Rxd7 34. Rxh8 Rxb7 35. Qf8+ Rf7 36. Qd8+ Kg7 37. Rg8+ Kh6 38. Rxg6+ Kxg6 39. Qg8+ Kf6 40. dxe5+ Qxe5 41. Qh8+ Ke6 42. Qe8+ Kf6 43. Qh8+ Kf5 44. Bd3+ Ke6 45. Qe8+ Kf6 46. Qh8+ Ke6 47. Qc8+ Ke7 48. Qxc6 Qf4+ 49. Kxc2 Qxf3 50. Qc5+ Ke6 51. Qc6+ Ke5 52. Qe8+ Kd4 53. Qa4+ Ke3 54. Qb4 Rc7+ 55. Kb3 Kxd3 56. Qb5+ Ke4+ 57. Ka4 Rc4+ 58. Ka5 Qa3+ 59. Kb6 Rb4 60. Kc6 Rxb5 61. Kxb5 Qc3 62. Kb6 d4 0-1


[Site "https://www.chess.com"]

[Event "Titled Tuesday Blitz May 9 Late 2023"]
[White "Herman, Daniel"]
[Black "Nastase, Robert-Paul"]
[WhiteFideId "30935008"]
[BlackFideId "1221175"]
[WhiteElo "1897"]
[BlackElo "2175"]
[Result "0-1"]
[Round "03"]
[TimeControl "180+2"]
[Date "2023.05.09"]
[WhiteClock "0:00:12"]
[BlackClock "0:00:10"]

1. d4 Nf6 2. c4 e6 3. Nc3 Bb4 4. e3 c5 5. Bd3 cxd4 6. exd4 d5 7. Ne2 dxc4 8. Bxc4 O-O 9. O-O Bd7 10. d5 exd5 11. Nxd5 Nxd5 12. Bxd5 Bc6 13. Nf4 Bd6 14. Bxc6 Nxc6 15. Be3 Qf6 16. Nd5 Qxb2 17. Rb1 Qe5 18. Bf4 Qe6 19. Rxb7 Bxf4 20. Nxf4 Qxa2 21. Qd6 Na5 22. Rc7 Rac8 23. Rxc8 Rxc8 24. Nd5 Kh8 25. Qd7 Rf8 26. Qe7 Kg8 27. Qg5 Nc6 28. h4 Nd4 29. h5 h6 30. Qe5 Ne6 31. Rc1 Rd8 32. Ne7+ Kf8 33. Nf5 Qd5 34. Qxd5 Rxd5 35. Ne3 Rd8 36. Ra1 Ra8 37. g3 a5 38. Ra4 Nc5 39. Ra3 a4 40. Nd5 f6 41. Nb6 Ra6 42. Nd5 Kf7 43. Nb4 Ra5 44. Nc6 Rb5 45. Nd4 Rb1+ 46. Kg2 Rb4 47. Nf5 Rb3 48. Nd6+ Ke6 49. Rxb3 axb3 50. Nc4 Kd5 51. Nb2 Kd4 52. Kf3 Kc3 53. Nd1+ Kd2 54. Nb2 Kc2 55. Nc4 b2 56. Nxb2 Kxb2 57. Kf4 Nd3+ 58. Kf5 Nxf2 59. Kg6 Ne4 60. g4 Nf2 61. Kxg7 Nxg4 62. Kg6 Kc3 63. Kf5 Kd4 64. Kxg4 Ke4 65. Kg3 f5 66. Kf2 Kf4 67. Kg2 Kg4 68. Kf2 Kxh5 69. Kg1 Kg5 70. Kf2 Kg4 71. Kg2 f4 72. Kf1 Kg3 73. Kg1 f3 74. Kf1 h5 75. Ke1 h4 76. Kf1 h3 77. Kg1 f2+ 78. Kh1 f1=Q# 0-1


[Site "https://www.chess.com"]

[Event "Titled Tuesday Blitz May 9 Late 2023"]
[White "Altman, Joshua"]
[Black "Rosenberg, Evan S"]
[WhiteFideId "426210"]
[BlackFideId "2019299"]
[WhiteElo "2028"]
[BlackElo "2288"]
[Result "1-0"]
[Round "03"]
[TimeControl "180+2"]
[Date "2023.05.09"]
[WhiteClock "0:00:07"]
[BlackClock "0:00:19"]

1. d4 d5 2. c4 e6 3. Nc3 c5 4. cxd5 cxd4 5. Qxd4 Nc6 6. Qd1 exd5 7. Qxd5 Qc7 8. e3 Nf6 9. Qd1 Bb4 10. Nf3 O-O 11. Be2 Ne4 12. Bd2 Nxd2 13. Nxd2 Be6 14. O-O Rfd8 15. Qc2 Rac8 16. Nf3 h6 17. Rac1 Qa5 18. a3 Bd6 19. Rfd1 Bb8 20. h3 Ne5 21. Nd4 Bd7 22. Qb3 Qc7 23. f4 Ng6 24. Bf3 Nxf4 25. exf4 Qxf4 26. Nde2 Qh2+ 27. Kf2 Be6 28. Qxb7 Rxd1 29. Rxd1 Bxh3 30. Be4 Re8 31. Qc6 Re6 32. Qc8+ 1-0


[Site "https://www.chess.com"]

[Event "Titled Tuesday Blitz May 9 Late 2023"]
[White "Yeritsyan, Hayk"]
[Black "Bueno, Alfeu Junior Varela"]
[WhiteFideId "13307320"]
[BlackFideId "2108879"]
[WhiteElo "2476"]
[BlackElo "2175"]
[Result "1-0"]
[Round "03"]
[TimeControl "180+2"]
[Date "2023.05.09"]
[WhiteClock "0:00:09"]
[BlackClock "0:00:00"]

1. d4 e6 2. Nf3 f5 3. Bf4 b6 4. h3 Bb7 5. e3 Nf6 6. Be2 Be7 7. c3 O-O 8. O-O d6 9. Nbd2 Qe8 10. Qb3 Bd5 11. c4 Bb7 12. c5 Bd5 13. Bc4 Nc6 14. cxd6 cxd6 15. Bxd5 Nxd5 16. Bh2 Kh8 17. Rac1 Rc8 18. a3 Qd7 19. Qa4 Rc7 20. Rc4 Rfc8 21. Rfc1 Kg8 22. Bg3 h6 23. b4 Kf7 24. Qb3 g5 25. e4 fxe4 26. Nxe4 Kg7 27. Qd3 Nf6 28. Nxf6 Bxf6 29. d5 exd5 30. Qxd5 Ne7 31. Rxc7 Rxc7 32. Rxc7 Qxc7 33. Qxd6 Qc1+ 34. Kh2 Nf5 35. Qd7+ Kg6 36. Ne5+ Bxe5 37. Bxe5 Qc2 38. Qe6+ Kh7 39. Qf7+ 1-0


[Site "https://www.chess.com"]

[Event "Titled Tuesday Blitz May 9 Late 2023"]
[White "Remolar Gallen, Jose"]
[Black "MunichMouse"]
[WhiteFideId "2215187"]
[WhiteElo "2223"]
[BlackElo "2281"]
[Result "1-0"]
[Round "03"]
[TimeControl "180+2"]
[Date "2023.05.09"]
[WhiteClock "0:00:07"]
[BlackClock "0:00:00"]

1. e4 c5 2. Nf3 d6 3. d4 cxd4 4. Nxd4 Nf6 5. Nc3 a6 6. Bc4 Qc7 7. Bb3 e6 8. O-O Nc6 9. Re1 Na5 10. Bg5 Be7 11. Qe2 b5 12. Rad1 Nxb3 13. axb3 Bb7 14. f3 Rc8 15. Kh1 O-O 16. b4 Ne8 17. Bxe7 Qxe7 18. Nb3 Rc4 19. Na2 Qc7 20. c3 Qb6 21. Na5 Rc8 22. Nc1 Nf6 23. Nxb7 Qxb7 24. Rxd6 Rfd8 25. Red1 Rxd6 26. Rxd6 Ne8 27. Rd4 Qc7 28. Nb3 e5 29. Rd5 Nf6 30. Rd1 Rd8 31. Nc5 Rd6 32. Rxd6 Qxd6 33. Qd3 Qxd3 34. Nxd3 Nd7 35. g3 Kf8 36. Kg2 Ke7 37. f4 f6 38. Kf3 Kd6 39. h4 Kc6 40. b3 Kd6 41. Kg4 g6 42. h5 Ke6 43. hxg6 hxg6 44. Kf3 Kd6 45. Ke3 Kc6 46. g4 Kd6 47. c4 Ke6 48. f5+ gxf5 49. exf5+ Kd6 50. Nf2 Ke7 51. Ne4 Nb6 52. Kd3 1-0


[Site "https://www.chess.com"]

[Event "Titled Tuesday Blitz May 9 Late 2023"]
[White "KorolDimitriy75"]
[Black "Delorme, Alban"]
[BlackFideId "623636"]
[WhiteElo "2448"]
[BlackElo "2196"]
[Result "1-0"]
[Round "03"]
[TimeControl "180+2"]
[Date "2023.05.09"]
[WhiteClock "0:00:20"]
[BlackClock "0:00:13"]

1. d4 Nf6 2. c4 g6 3. Nc3 Bg7 4. e4 d6 5. Nf3 O-O 6. Be2 e5 7. dxe5 dxe5 8. Qxd8 Rxd8 9. Bg5 Re8 10. O-O-O Nc6 11. Nd5 Nxd5 12. cxd5 Nd4 13. Nxd4 exd4 14. Bd3 c5 15. dxc6 bxc6 16. Kb1 c5 17. Rc1 Bf8 18. f3 Be6 19. Bc4 Rac8 20. Rhd1 h6 21. Bh4 Bd6 22. Bg3 Bxg3 23. hxg3 Kg7 24. Rd3 f5 25. Bxe6 Rxe6 26. exf5 Re2 27. fxg6 Rxg2 28. g4 Kxg6 29. Rxd4 cxd4 30. Rxc8 Rf2 31. Rd8 Rxf3 32. Rxd4 Kg5 33. Ra4 Rf4 34. Rxa7 Rxg4 35. Kc2 Rg3 36. a4 h5 37. Rg7+ Kf4 38. Rxg3 Kxg3 39. a5 h4 40. a6 h3 41. a7 h2 42. a8=Q h1=Q 43. Qxh1 1-0


[Site "https://www.chess.com"]

[Event "Titled Tuesday Blitz May 9 Late 2023"]
[White "Vaglio Munoz, Jaime"]
[Black "Lacey, Patrick"]
[WhiteFideId "6500145"]
[BlackFideId "2032007"]
[WhiteElo "2199"]
[BlackElo "2458"]
[Result "1-0"]
[Round "03"]
[TimeControl "180+2"]
[Date "2023.05.09"]
[WhiteClock "0:01:19"]
[BlackClock "0:00:31"]

1. d4 d5 2. c4 Nc6 3. Nf3 Bg4 4. cxd5 Bxf3 5. dxc6 Bxc6 6. Nc3 Nf6 7. f3 e5 8. dxe5 Qxd1+ 9. Kxd1 Nd7 10. f4 Bc5 11. e3 O-O-O 12. Ke1 Rhe8 13. a3 f6 14. b4 Bb6 15. b5 fxe5 16. bxc6 bxc6 17. f5 Nc5 18. Kf2 Ba5 19. Ne2 Rd1 20. Ng3 Red8 21. Bc4 Ne4+ 22. Nxe4 Rxh1 23. Bb2 Rxh2 24. Bxe5 Rh5 25. g4 Rh6 26. Be6+ Kb8 27. Rb1+ Bb6 28. a4 a5 29. Nc5 Ka7 30. Bd4 Rb8 31. Kg3 Ka8 32. Bxg7 Rxe6 33. Nxe6 Re8 34. Rxb6 1-0


[Site "https://www.chess.com"]

[Event "Titled Tuesday Blitz May 9 Late 2023"]
[White "Escalante Ramirez, Rafael"]
[Black "marik_spb"]
[WhiteFideId "3900177"]
[WhiteElo "2250"]
[BlackElo "2442"]
[Result "0-1"]
[Round "03"]
[TimeControl "180+2"]
[Date "2023.05.09"]
[WhiteClock "0:00:00"]
[BlackClock "0:00:15"]

1. Nf3 Nf6 2. d4 d5 3. c4 e6 4. Nc3 Be7 5. cxd5 exd5 6. Bg5 O-O 7. e3 Bf5 8. Bd3 Bxd3 9. Qxd3 Nbd7 10. O-O c6 11. Rab1 Re8 12. b4 Ne4 13. Bf4 Ndf6 14. Rfc1 Rc8 15. Na4 Bd6 16. Bxd6 Qxd6 17. Nc5 b6 18. Na4 Ng4 19. Rc2 Nexf2 20. Rxf2 Rxe3 21. Qd2 Rce8 22. Rbf1 Nxf2 23. Rxf2 f6 24. Nb2 Qe7 25. Kf1 Qe4 26. Nd1 Qb1 27. g3 Rd3 28. Qc2 Qxd1+ 29. Qxd1 Rxd1+ 30. Kg2 Re4 31. Rc2 Re6 32. b5 cxb5 33. Rc8+ Kf7 34. Rc7+ Re7 35. Rc8 Rd3 36. Nh4 Re2+ 37. Kh3 Rxd4 38. Nf5 Rc4 39. Nd6+ Kg6 40. Nxc4 bxc4 0-1


[Site "https://www.chess.com"]

[Event "Titled Tuesday Blitz May 9 Late 2023"]
[White "Hirneise, Jens"]
[Black "Cooklev, Steven"]
[WhiteFideId "24614734"]
[BlackFideId "2050552"]
[WhiteElo "2345"]
[BlackElo "2274"]
[Result "1-0"]
[Round "03"]
[TimeControl "180+2"]
[Date "2023.05.09"]
[WhiteClock "0:00:15"]
[BlackClock "0:00:00"]

1. Nf3 Nf6 2. e3 d5 3. c4 e6 4. Nc3 c5 5. d4 Nc6 6. a3 a6 7. cxd5 exd5 8. Be2 cxd4 9. Nxd4 Bd6 10. g4 O-O 11. g5 Ne4 12. Nxe4 dxe4 13. Nxc6 bxc6 14. h4 Qe7 15. Qc2 Rb8 16. Bd2 Be6 17. Bc3 Bb3 18. Qb1 Be5 19. Qc1 Rfd8 20. Bxe5 Qxe5 21. Qc3 Qe6 22. Rc1 Rd6 23. h5 Rbd8 24. h6 f6 25. gxf6 Qxf6 26. Qxb3+ Kh8 27. hxg7+ Qxg7 28. Qc3 Rf6 29. Rd1 Rdf8 30. Qe5 h6 31. Qg3 Qf7 32. Rd6 Rxd6 33. Qxd6 Qxf2+ 34. Kd1 Rf6 35. Rxh6+ Kg7 36. Qxf6+ Qxf6 37. Rxf6 Kxf6 38. Bxa6 1-0


[Site "https://www.chess.com"]

[Event "Titled Tuesday Blitz May 9 Late 2023"]
[White "Balague Camps, Marc"]
[Black "Abdi, Farzad"]
[WhiteFideId "2297914"]
[BlackFideId "2076829"]
[WhiteElo "2089"]
[BlackElo "2239"]
[Result "0-1"]
[Round "03"]
[TimeControl "180+2"]
[Date "2023.05.09"]
[WhiteClock "0:02:24"]
[BlackClock "0:01:56"]

1. d4 Nf6 2. c4 e6 3. Nc3 Bb4 4. f3 d5 5. a3 Bxc3+ 6. bxc3 c5 7. cxd5 exd5 8. e3 Bf5 9. Ne2 O-O 10. Ng3 Bg6 11. h4 h5 12. Bd3 Qc7 13. Kf2 Nc6 14. Bxg6 fxg6 15. a4 Ng4+ 16. Kg1 Qxg3 17. fxg4 Qf2+ 18. Kh2 Qxh4+ 19. Kg1 Qf2+ 20. Kh2 hxg4 21. Qxg4 Rf5 22. Qxg6 Rf6 23. Qxf6 gxf6 24. Ba3 Kf7 25. Rhf1 Rh8# 0-1


[Site "https://www.chess.com"]

[Event "Titled Tuesday Blitz May 9 Late 2023"]
[White "Kalaiyalahan, Akshaya"]
[Black "Kujawski, Adam"]
[WhiteFideId "422894"]
[BlackFideId "1100920"]
[WhiteElo "2043"]
[BlackElo "2054"]
[Result "0-1"]
[Round "03"]
[TimeControl "180+2"]
[Date "2023.05.09"]
[WhiteClock "0:00:09"]
[BlackClock "0:00:15"]

1. Nf3 d5 2. c4 d4 3. e3 Nc6 4. b3 e5 5. Bb2 Nf6 6. exd4 exd4 7. d3 Bb4+ 8. Nbd2 O-O 9. Be2 Re8 10. O-O a5 11. a3 Bf8 12. Re1 h6 13. Rc1 Bf5 14. c5 Qd5 15. Rc4 Bxc5 16. b4 axb4 17. axb4 Bxb4 18. Nxd4 Nxd4 19. Rxd4 Qa5 20. Nc4 Qa2 21. Rf4 Bxe1 22. Rxf5 b5 23. Rxb5 Rab8 24. Rf5 Rxb2 25. Nxb2 Qxb2 26. Qxe1 Rxe2 0-1


[Site "https://www.chess.com"]

[Event "Titled Tuesday Blitz May 9 Late 2023"]
[White "ritanovikova"]
[Black "Qiao, Cindy"]
[BlackFideId "2620243"]
[WhiteElo "2195"]
[BlackElo "1777"]
[Result "0-1"]
[Round "03"]
[TimeControl "180+2"]
[Date "2023.05.09"]
[WhiteClock "0:01:12"]
[BlackClock "0:01:01"]

1. e4 c5 2. Nc3 Nc6 3. d3 g6 4. Be3 d6 5. Qd2 Bg7 6. g3 Nf6 7. Bh6 O-O 8. h4 Nd4 9. O-O-O b5 10. h5 b4 11. Bxg7 Kxg7 12. Nd5 Rh8 13. Nxf6 exf6 14. h6+ Kf8 15. Bg2 Rb8 16. Ne2 Nxe2+ 17. Qxe2 Be6 18. Kd2 Qa5 19. b3 Ke7 20. f4 Rhc8 21. f5 Bd7 22. fxg6 fxg6 23. g4 c4 24. bxc4 b3+ 25. Ke3 Qg5+ 26. Kf2 b2 27. Rb1 Bxg4 28. Bf3 Qf4 29. Qe3 Qxe3+ 30. Kxe3 Bxf3 31. Kxf3 Rc5 32. Ke3 Ra5 33. Kd4 Rxa2 34. Kc3 Ra3+ 35. Kd4 a5 36. c3 a4 37. Rh2 Rab3 38. c5 dxc5+ 39. Kc4 a3 40. d4 cxd4 41. cxd4 a2 0-1


[Site "https://www.chess.com"]

[Event "Titled Tuesday Blitz May 9 Late 2023"]
[White "Phillips, Rene"]
[Black "Pasti, Aron"]
[WhiteFideId "2056275"]
[BlackFideId "785857"]
[WhiteElo "2191"]
[BlackElo "2173"]
[Result "0-1"]
[Round "03"]
[TimeControl "180+2"]
[Date "2023.05.09"]
[WhiteClock "0:00:00"]
[BlackClock "0:01:38"]

1. Nf3 d5 2. d4 Nf6 3. Bf4 c5 4. e3 Nc6 5. Nbd2 Qb6 6. dxc5 Qxb2 7. Rb1 Qc3 8. Rb3 Qxc5 9. c4 e6 10. cxd5 Nxd5 11. Bg3 Be7 12. Rb5 Qa3 13. Nc4 Qc3+ 14. Nfd2 Ndb4 15. Be2 Nd3+ 16. Bxd3 Qxd3 17. Rb3 Qd5 18. O-O O-O 19. e4 Qd8 20. Qe2 b6 21. Qe3 Bb7 22. Rd1 Bc5 23. Qf3 Qe7 24. Rd3 Rfd8 25. Rxd8+ Rxd8 26. Nb3 Nd4 0-1


[Site "https://www.chess.com"]

[Event "Titled Tuesday Blitz May 9 Late 2023"]
[White "Almedina Ortiz, Edgardo J."]
[Black "Figorito, Nick"]
[WhiteFideId "3100197"]
[BlackFideId "30923689"]
[WhiteElo "2217"]
[BlackElo "2370"]
[Result "1-0"]
[Round "03"]
[TimeControl "180+2"]
[Date "2023.05.09"]
[WhiteClock "0:00:14"]
[BlackClock "0:00:16"]

1. d4 Nf6 2. c4 g6 3. Nc3 d5 4. Nf3 Bg7 5. Qb3 dxc4 6. Qxc4 O-O 7. e4 a6 8. Be3 b5 9. Qb3 Bb7 10. d5 c6 11. Rd1 cxd5 12. exd5 Nbd7 13. a4 Ng4 14. Bd4 Bxd4 15. Rxd4 Ngf6 16. axb5 axb5 17. Bxb5 Ra1+ 18. Rd1 Nc5 19. Qc4 Rxd1+ 20. Nxd1 Nce4 21. Bc6 Qa5+ 22. b4 Qc7 23. O-O Rc8 24. b5 Nd6 25. Qh4 Qb6 26. Nc3 Qc5 27. Qd4 Qxd4 28. Nxd4 Ra8 29. h3 Kf8 30. Rc1 Rb8 31. Na4 Nfe4 32. f3 Nd2 33. Nc5 Bc8 34. Rc2 N2c4 35. Kf2 Na3 36. Rc1 Kg7 37. Ra1 Naxb5 38. Bxb5 Nxb5 39. Rb1 Bd7 40. Nxd7 Rd8 41. Rxb5 Rxd7 42. Nc6 h5 43. Ne5 Rd6 44. f4 f6 45. Nc6 e6 46. Ne7 exd5 47. Nxd5 Kh6 48. g4 hxg4 49. hxg4 g5 50. f5 Kg7 51. Kf3 Rd7 52. Ke4 Rf7 53. Rc5 Kf8 54. Rc8+ Kg7 55. Rc7 Rxc7 56. Nxc7 Kf7 57. Ne6 Ke7 58. Kd5 Kd7 59. Nc5+ Ke7 60. Kc6 Kf7 61. Kd7 Kg7 62. Ke7 Kh6 63. Kxf6 Kh7 64. Kxg5 Kg7 65. f6+ Kh7 66. Kf5 Kh6 67. g5+ Kh7 68. g6+ Kg8 69. Nd7 Kh8 70. f7 Kg7 71. f8=Q# 1-0


[Site "https://www.chess.com"]